 Dungeon Crawl Stone Soup version 0.31-a0-1009-g454b1f1e0a (webtiles) character file.

Game seed: 5989735405436777173

6 Azuregosa the Trooper (level 1, 15/18 HPs)
             Began as a Merfolk Chaos Knight on Nov 15, 2023.
             Was a Plaything of Xom.
             Quit the game on level 1 of the Dungeon.
             The game lasted 00:00:41 (150 turns).

Azuregosa the Trooper (Merfolk Chaos Knight)         Turns: 150, Time: 00:00:41

Health: 15/18      AC:  5    Str: 12    XL:     1   Next: 90%
Magic:  1/1        EV: 12    Int: 11    God:    Xom [..*...]
Gold:   0          SH:  0    Dex: 13    Spells: 0/0 levels left

rFire   + . .        a - +0 mace (chaos)
rCold   . . .        (no shield)
rNeg    . . .        b - +2 leather armour
rPois   .            (no helmet)
rElec   .            (no cloak)
rCorr   .            (no gloves)
SInv    .            (no boots)
Will    .....        (no amulet)
Stlth   +            d - ring of protection from fire
HPRegen 0.23/turn    (no ring)
MPRegen 0.07/turn

%: no passive effects
@: no status effects
A: (nimble swimmer 2), mertail
a: Renounce Religion


You were on level 1 of the Dungeon.
You worshipped Xom.
You were a toy of Xom.
You visited 1 branch of the dungeon, and saw 1 of its levels.

Inventory:

Hand Weapons
 a - a +0 mace of chaos (weapon)
Armour
 b - a +2 leather armour (worn)
Jewellery
 d - a ring of protection from fire (left hand)
Scrolls
 c - a scroll of butterflies


   Skills:
 + Level 3.4 Fighting
 + Level 2.5 Maces & Flails
 + Level 0.8 Armour
 + Level 2.9 Dodging


You couldn't memorise any spells.
You didn't know any spells.
Your spell library was empty.

Dungeon Overview and Level Annotations

Branches:
Dungeon (1/15)

Altars:


Innate Abilities, Weirdness & Mutations

((You are very nimble when in or above water. (Stealth+, EV+, Speed+++)))
Your lower body shifts to a powerful aquatic tail in water.


Message History

You barely miss the hobgoblin.
The hobgoblin hits you but does no damage.
The hobgoblin closely misses you.
You hit the hobgoblin but do no damage. The hobgoblin barely misses you.
You barely miss the hobgoblin.
The hobgoblin hits you but does no damage.
You hit the hobgoblin but do no damage.
The hobgoblin is poisoned.
The hobgoblin closely misses you.
You closely miss the hobgoblin. The hobgoblin hits you. x2
You barely miss the hobgoblin.
The hobgoblin is heavily wounded.
The hobgoblin closely misses you.
You hit the hobgoblin but do no damage.
The hobgoblin is severely wounded.
You kill the hobgoblin!
Your legs become a tail as you enter the water.
Your legs become a tail as you enter the water.
Your legs become a tail as you enter the water.
A ball python comes into view.
The ball python hisses angrily.
A bat comes into view.
The ball python barely misses you. The ball python misses you.
You hit the ball python.
The ball python is moderately wounded.
The bat closely misses you. The ball python bites you.
The ball python grabs you. The ball python constricts you.
You hit the ball python.
The ball python is severely wounded.
The bat hits you. The bat closely misses you. The bat barely misses you.
The ball python bites you but does no damage.
The ball python constricts you. The bat closely misses you.
The ball python closely misses you. The ball python constricts you.
You closely miss the ball python.
The ball python is severely wounded.
The bat hits you but does no damage. x2; The ball python barely misses you.
The ball python constricts you. The bat hits you.
You thump the ball python!
You kill the ball python!
The bat completely misses you.
Are you sure you want to abandon this character and quit the game? (Confirm with "yes".)

## . # #. ..
#.##.#####....
#....†........
.####.#@#
~~~~~~~.####
......~....#
#####.~~~~.###
.........~...#.#
#########.~~~.#.#
#...........~...#
#.###.~~~~~.~~~.#
#.#...~...~...~.#


There were no monsters in sight!

Vanquished Creatures
  An endoplasm (D:1)
  2 hobgoblins (D:1)
  2 ball pythons (D:1)
5 creatures vanquished.

Notes
Turn   | Place    | Note
-------+----------+-------------------------------------------
     0 | D:1      | Azuregosa the Merfolk Chaos Knight began the quest for the
                  | Orb.
     0 | D:1      | Reached XP level 1. HP: 18/18 MP: 1/1
    15 | D:1      | XOM: potion effect (might)
   150 | D:1      | Quit the game

Illustrated notes

Levels and vault maps discovered:
D:1:      psy_arrival_radial02, layout_loops_ring

Action                     || total
---------------------------++-------
  Melee: Mace              ||    19
 Armour: Leather armour    ||    15
  Dodge: Dodged            ||    21

Table legend: (Time is in decaauts)
 A = Elapsed time spent in this place.
 B = Non-inter-level travel time spent in this place.
 C = Inter-level travel time spent in this place.
 D = Time resting spent in this place.
 E = Time spent auto-exploring this place.
 F = Levels seen in this place.
 G = Mean time per level.
                   A        B        C        D        E       F      G
               +--------+--------+--------+--------+--------+-----+--------+
         Total |    150 |    150 |      0 |      0 |    111 |   1 |  150.0 |
       Dungeon |    150 |    150 |      0 |      0 |    111 |   1 |  150.0 |
               +--------+--------+--------+--------+--------+-----+--------+

Top non-repeatable levels by time:
     D:1: 150 daAuts
